 Dungeon Crawl Stone Soup version 0.26-a0-1107-g6118521029 (webtiles) character file.

Game seed: 8033932994680812659

16 Dracia the Unweaver (level 2, -1/24 HPs)
             Began as a Demonspawn Abyssal Knight on Dec 16, 2020.
             Was a Follower of Lugonu.
             Slain by a gnoll
             ... wielding a +0 halberd
              (15 damage)
             ... on level 2 of the Dungeon.
             The game lasted 00:01:18 (1021 turns).

Dracia the Unweaver (Demonspawn Abyssal Knight)     Turns: 1021, Time: 00:01:19

Health: -1/24      AC:  4    Str: 12    XL:     2   Next: 41%
Magic:  4/4        EV: 11    Int: 13    God:    Lugonu [*.....]
Gold:   32         SH:  5    Dex: 12    Spells: 1/1 levels left

rFire    + . .     SeeInvis .   a - +1 falchion
rCold    x . .     Faith    .   (no shield)
rNeg     . . .     Spirit   .   b - +0 leather armour
rPois    .         Reflect  +   (no helmet)
rElec    .         Harm     .   (no cloak)
rCorr    .         Rampage  .   (no gloves)
Will     .....                  g - +0 pair of boots
Stlth    +.........             d - amulet of reflection
HPRegen  0.08/turn              F - ring of fire
MPRegen  0.09/turn              (no ring)

@: no status effects
A: powered by death 1
a: Depart the Abyss, Renounce Religion


You were on level 2 of the Dungeon.
You worshipped Lugonu.
Lugonu was aware of your devotion.
You visited 1 branch of the dungeon, and saw 2 of its levels.
You visited the Abyss 1 time.

You collected 32 gold pieces.


Innate Abilities, Weirdness & Mutations

You regenerate a little health from kills.


   Skills:
 - Level 3.0 Fighting
 + Level 2.3 Long Blades
 - Level 1.7 Armour
 - Level 0.8 Dodging
 + Level 3.3 Invocations


You had one spell level left.
You didn't know any spells.
Your spell library was empty.

Inventory:

Hand Weapons
 a - a +1 falchion (weapon)
Armour
 b - a +0 leather armour (worn)
 g - a +0 pair of boots (worn)
Jewellery
 d - an amulet of reflection (around neck)
 F - a ring of fire (left hand)
Scrolls
 c - a scroll of fog {unknown}
 f - a scroll of magic mapping {unknown}
Potions
 e - a potion of might {unknown}
 h - a potion of haste {unknown}

Dungeon Overview and Level Annotations

Branches:
Dungeon (2/15)

Altars:

### # #.. #.
#.####### .
#.#.....#
#.#########.#.###.#
#.#.........#...#.#
#.g.....).....#.#.##
#.#@##..............
#K##.#######.#####
#.##.#............
#.##.#.#####.#####
#(##.# #.#....
#.##†# #.#.###
#.##.# #.#....
#.##.# #.##### #.#
#.#


You could see a gnoll and a kobold.


Message History

A giant cockroach comes into view.
A giant cockroach is nearby!
The giant cockroach misses you.
You hit the giant cockroach but do no damage.
The giant cockroach bites you.
You closely miss the giant cockroach. The giant cockroach bites you.
You closely miss the giant cockroach. The giant cockroach barely misses you.
The giant cockroach closely misses you.
You riposte.
You hit the giant cockroach.
You kill the giant cockroach!
Lugonu accepts your kill.
No target in view!
HP restored.
A kobold comes into view.
The kobold shouts!
You hear a shout!
Found 21 bolts.
A kobold is nearby!
A kobold is nearby!
You hit the kobold but do no damage.
A gnoll comes into view. It is wielding a +0 halberd.
You block the kobold's attack.
You hit the gnoll.
The gnoll is lightly wounded.
The gnoll hits you with a +0 halberd! The kobold closely misses you.
You riposte.
You completely miss the kobold. You hit the gnoll.
The gnoll is heavily wounded.
The kobold hits you. The gnoll hits you with a +0 halberd!
Ouch! That really hurt!
You die...

Skill      XL: |  1 |
---------------+----+-----
Long Blades    | 2 |  2.3
Invocations    | 3 |  3.3
Fighting       | |  3.0
Armour         | |  1.7
Dodging        | |  0.8

Action                   || total
-------------------------++-------
Melee: Falchion          ||    44
Armor: Leather armour    ||    13
Dodge: Dodged            ||    33
Block: Other             ||     2
       Rpst.: Falchion   ||    13

Levels and vault maps discovered:
D:1:      dpeg_arrival_oval, layout_loops_ring, minmay_misc_feat_five,
          minmay_pentomino_q4
D:2:      layout_basic, lemuel_crystal_altar, chequers_serial_rivers_small_3

Notes
Turn   | Place    | Note
-------+----------+-------------------------------------------
     0 | Abyss:1  | Dracia the Demonspawn Abyssal Knight began the quest for
                  | the Orb.
     0 | Abyss:1  | Reached XP level 1. HP: 18/18 MP: 2/2
    13 | D:1      | You pass through the gate.
    13 | D:1      | Escaped the Abyss
   296 | D:1      | Reached skill level 2 in Long Blades
   541 | D:1      | Reached skill level 3 in Invocations
   546 | D:1      | Gained mutation: You regenerate a little health from kills.
                  | [demonic ancestry]
   546 | D:1      | Reached XP level 2. HP: 24/24 MP: 2/4
  1021 | D:2      | Slain by a gnoll

Vanquished Creatures
  A bat (D:1)
  2 giant cockroaches
  2 goblins (D:1)
  3 hobgoblins
  3 kobolds (D:1)
  3 rats
14 creatures vanquished.

Table legend: (Time is in decaauts)
 A = Elapsed time spent in this place.
 B = Non-inter-level travel time spent in this place.
 C = Inter-level travel time spent in this place.
 D = Time resting spent in this place.
 E = Time spent auto-exploring this place.
 F = Levels seen in this place.
 G = Mean time per level.
                   A        B        C        D        E       F      G
               +--------+--------+--------+--------+--------+-----+--------+
         Total |   1028 |   1007 |     21 |    141 |    742 |   3 |  342.7 |
       Dungeon |   1015 |    994 |     21 |    141 |    740 |   2 |  507.5 |
         Abyss |     13 |     13 |      0 |      0 |      2 |   1 |   13.0 |
               +--------+--------+--------+--------+--------+-----+--------+

Top non-repeatable levels by time:
     D:1: 913 daAuts
     D:2: 101 daAuts
 Abyss:1: 13 daAuts

Table legend:
 A = Non-vault XP
 B = Vault XP
 C = Vault XP percentage of total XP
 D = Non-vault monster count
 E = Vault monster count
 F = Vault count percentage of total count
                 A         B        C        D         E       F
            +---------+---------+-------+---------+---------+-------
      Total |      18 |       6 |  25.0 |      11 |       3 |  21.4
            +---------+---------+-------+---------+---------+-------
        D:1 |      12 |       6 |  33.3 |       7 |       3 |  30.0
        D:2 |       6 |       0 |   0.0 |       4 |       0 |   0.0
            +---------+---------+-------+---------+---------+-------
